 Dungeon Crawl Stone Soup version 0.20.0-15-g7f486f2 (webtiles) character file.

224 Omegatherion the Skirmisher (level 6, -5/40 HPs)
             Began as a Gargoyle Fighter on June 22, 2017.
             Was an Initiate of the Shining One.
             Slain by a gnoll
             ... wielding a +0 halberd
              (8 damage)
             ... on level 3 of the Dungeon.
             The game lasted 00:03:56 (1903 turns).

Omegatherion the Skirmisher (Gargoyle Fighter)      Turns: 1903, Time: 00:03:57

Health: -5/40      AC: 14    Str: 19    XL:     6   Next: 0%
Magic:  6/6        EV:  8    Int:  9    God:    the Shining One [......]
Gold:   180        SH:  9    Dex: 11    Spells: 5/5 levels left

rFire    . . .     SeeInvis .   p - +0 mace
rCold    . . .     Gourm    .   c - +0 shield
rNeg     + . .     Faith    .   k - +3 ring mail
rPois    ∞         Spirit   .   (no helmet)
rElec    +         Reflect  .   (no cloak)
rCorr    .         Harm     .   v - +0 pair of gloves
MR       .....                  (no boots)
Stlth    ..........             (no amulet)
Regen    0.2/turn               (no ring)
MPRegen  0.1/turn               (no ring)

@: glowing
A: negative energy resistance 1, electricity resistance, unbreathing,
petrification resistance, rot immunity, AC +4
a: Renounce Religion


You were on level 3 of the Dungeon.
You worshipped the Shining One.
The Shining One was noncommittal.
You were hungry.

You visited 1 branch of the dungeon, and saw 3 of its levels.

You collected 180 gold pieces.

Inventory:

Hand Weapons
 a - a +0 flail
 h - a +0 vampiric hand axe
 p - a +0 mace (weapon)
Missiles
 s - 5 javelins (quivered)
Armour
 b - a +0 scale mail
 c - a +0 shield (worn)
 k - a +3 ring mail (worn)
 v - a +0 pair of gloves (worn)
Jewellery
 m - an uncursed amulet of harm {unknown}
Scrolls
 g - 2 scrolls of identify {unknown}
 j - a scroll of enchant weapon {unknown}
 o - 2 scrolls of teleportation {unknown}
 q - a scroll of magic mapping {unknown}
 t - a scroll of fear {unknown}
 u - a scroll of enchant armour {unknown}
Potions
 e - 4 potions of flight {unknown}
 f - a potion of degeneration {unknown}
 l - 2 potions of haste {unknown}
 n - 4 potions of curing {unknown}
 r - a potion of resistance {unknown}
 w - a potion of mutation {unknown}
Comestibles
 i - a royal jelly
 x - a bread ration


   Skills:
 + Level 5.4 Fighting
 + Level 4.5 Maces & Flails
 - Level 3.2 Armour
 - Level 3.2 Shields


You had 5 spell levels left.
You didn't know any spells.

Dungeon Overview and Level Annotations

Branches:
Dungeon (3/15)

Altars:
The Shining One


Innate Abilities, Weirdness & Mutations

You are resistant to torment.
Your stone body is resilient. (AC +4)
You are immune to poison.
You resist negative energy. (rN+)
You are resistant to electric shocks. (rElec)
You can survive without breathing.
You are immune to petrification.
You are immune to rotting.


Message History

The gnoll is heavily wounded.
The gnoll hits you. The gnoll closely misses you.
You sock the gnoll!
You kill the gnoll!
You have reached level 6!
Your experience leads to an increase in your attributes!
Increase (S)trength, (I)ntelligence, or (D)exterity?
You feel agile.
The gnoll hits you from afar with a halberd.
* * * LOW HITPOINT WARNING * * *
You block the gnoll's attack. The gnoll hits you but does no damage.
You hit the gnoll.
The gnoll is heavily wounded.
The gnoll hits you with a halberd.
* * * LOW HITPOINT WARNING * * *
You block the gnoll's attack.
You hit the gnoll.
The gnoll is heavily wounded.
The gnoll hits you with a halberd!
You die...

#########
........#
#######.#
#.#
#.##########
#..........#
####
##########.#
.... #@#
#### #g# #g#
#.# ### #.#
..# #.# ..##
#.# .... ..#
....


You could see 2 gnolls.

Vanquished Creatures
  The ghost of zebratul the Slasher, an amateur BaMo (D:3)
  A gnoll (D:3)
  2 oozes
  2 worms
  2 dart slugs
  A leopard gecko (D:1)
  An orc (D:3)
  A ball python (D:1)
  A giant cockroach (D:2)
  11 goblins
  9 hobgoblins
  4 jackals (D:2)
  10 bats
  2 frilled lizards
  5 kobolds
  A quokka zombie (D:3)
  5 rats
59 creatures vanquished.

Notes
Turn   | Place    | Note
-------+----------+-------------------------------------------
     0 | D:1      | Omegatherion the Gargoyle Fighter began the quest for the Orb.
     0 | D:1      | Reached XP level 1. HP: 14/14 MP: 1/1
    77 | D:1      | Reached XP level 2. HP: 15/19 MP: 2/2
   359 | D:1      | Reached XP level 3. HP: 24/24 MP: 3/3
   636 | D:2      | Found a glowing golden altar of the Shining One.
   721 | D:2      | Became a worshipper of the Shining One
   778 | D:2      | Reached skill level 4 in Fighting
  1039 | D:2      | Reached XP level 4. HP: 27/29 MP: 4/4
  1651 | D:3      | Found a faded altar of an unknown god.
  1774 | D:3      | Noticed zebratul's ghost (amateur BaMo)
  1801 | D:3      | Killed zebratul's ghost
  1801 | D:3      | Reached skill level 5 in Fighting
  1801 | D:3      | Reached XP level 5. HP: 17/35 MP: 5/5
  1900 | D:3      | Reached XP level 6. HP: 13/40 MP: 6/6
  1902 | D:3      | HP: 2/40 [gnoll/halberd (5)]
  1903 | D:3      | Slain by a gnoll

Skill      XL: |  1  2  3  4 |
---------------+-------------+-----
Maces & Flails | 3 4 |  4.5
Fighting       | 4 5 |  5.4
Armour         | |  3.2
Shields        | |  3.2

Action                   |  1- 3 |  4- 6 || total
-------------------------+-------+-------++-------
Melee: Flail             |    34 |       ||    34
       Hand axe          |    81 |       ||    81
       Mace              |     9 |   119 ||   128
  Use: Potion            |       |     1 ||     1
  Eat: Bread ration      |     1 |       ||     1
       Chunk             |       |     3 ||     3
Armor: Scale mail        |    71 |       ||    71
       Ring mail         |    10 |    53 ||    63
Dodge: Dodged            |    43 |    43 ||    86
Block: Shield            |    59 |    53 ||   112
